[Event "ICC tourney 1934 (60 10)"]
[Site "Internet Chess Club"]
[Date "2020.07.26"]
[Round "5"]
[White "anshulg"]
[Black "mydogeatschess"]
[Result "1-0"]
[ICCResult "Black checkmated"]
[WhiteElo "1538"]
[BlackElo "1490"]
[Opening "Four knights: Rubinstein counter-gambit, exchange variation"]
[ECO "C48"]
[NIC "KP.03"]
[Time "11:03:36"]
[TimeControl "3600+10"]

1. e4 e5 2. Nf3 Nc6 3. Nc3 Nf6 4. Bb5 Nd4 5. Nxd4 exd4 6. e5 dxc3 7. exf6
Qxf6 8. dxc3 c6 9. Bd3 d5 10. O-O Bd6 11. Re1+ Be6 12. Be3 O-O 13. Qd2 Qh4
14. g3 Qh5 15. Bf4 Bxf4 16. Qxf4 Rfe8 17. Re5 Qg4 18. Rae1 Qxf4 19. gxf4 Bd7
20. Kg2 g6 21. c4 dxc4 22. Bxc4 Kf8 23. Kg3 Bf5 24. Bd3 Bxd3 25. cxd3 Rxe5
26. fxe5 Rd8 27. Re3 Ke7 28. Kf3 Rd4 29. Ke2 Ke6 30. Rf3 Rd5 31. Rf6+ Ke7
32. f4 a5 33. b3 a4 34. b4 a3 35. Kd2 Rb5 36. Kc3 c5 37. bxc5 Rxc5+ 38. Kb3
Rd5 39. Kc4 Rd7 40. Rb6 Rc7+ 41. Kb3 Rd7 42. Kc3 Rc7+ 43. Kd2 Rd7 44. Ke3
Rc7 45. Kd2 Rd7 46. Rb3 Ke6 47. Rxa3 Kf5 48. Ke3 Kg4 49. Rb3 h5 50. d4 Kf5
51. Rb6 h4 52. h3 Rc7 53. Rf6# {Black checkmated} 1-0

[Event "ICC tourney 1934 (60 10)"]
[Site "Internet Chess Club"]
[Date "2020.07.26"]
[Round "5"]
[White "rpughiii"]
[Black "Eagle2020"]
[Result "1-0"]
[ICCResult "Black checkmated"]
[WhiteElo "1330"]
[BlackElo "1494"]
[Opening "Réti: King's Indian attack (Barcza system)"]
[ECO "A07"]
[NIC "QP.09"]
[Time "11:04:21"]
[TimeControl "3600+10"]

1. Nf3 d5 2. g3 Bf5 3. Bg2 e6 4. O-O Nc6 5. d3 h6 6. Nbd2 Nf6 7. Re1 Be7 8.
Nh4 Bh7 9. e4 d4 10. f4 O-O 11. Nhf3 Ng4 12. Nb3 a5 13. a4 Nf6 14. Qe2 Bg6
15. h3 Ne8 16. Qf2 f6 17. Nfxd4 Nxd4 18. Qxd4 Qxd4+ 19. Nxd4 Bc5 20. Be3 e5
21. Ne6 Bxe3+ 22. Rxe3 Rf7 23. f5 Bh7 24. Bf3 g6 25. g4 b6 26. c3 Ng7 27.
Bd1 Nxe6 28. fxe6 Re7 29. Bb3 Kg7 30. Rf1 Bg8 31. d4 Bxe6 32. d5 Bd7 33.
Ref3 Rf8 34. Kg2 b5 35. axb5 Bxb5 36. c4 Bd7 37. c5 Bb5 38. R1f2 Ree8 39. h4
Bd7 40. Kg3 c6 41. Ba4 Rc8 42. Rb3 Rf7 43. Rb6 cxd5 44. c6 Be6 45. c7 Re7
46. Rxe6 Rxe6 47. Bd7 Ree8 48. exd5 Kf7 49. d6 Ra8 50. Rc2 f5 51. Bxe8+ Kxe8
52. c8=Q+ Rxc8 53. Rxc8+ Kd7 54. Rg8 Kxd6 55. Rxg6+ Kd5 56. gxf5 e4 57. Kf4
Kd4 58. Re6 Kd3 59. Rxe4 Kc2 60. Ra4 Kxb2 61. Rxa5 Kc2 62. f6 Kb3 63. Rc5
Kb4 64. Rc1 Kb3 65. f7 Kb2 66. Rc7 h5 67. f8=Q Kb3 68. Qb8+ Ka4 69. Ra7#
{Black checkmated}
1-0

[Event "ICC tourney 1934 (60 10)"]
[Site "Internet Chess Club"]
[Date "2020.07.26"]
[Round "5"]
[White "saanvichess"]
[Black "chesslin"]
[Result "0-1"]
[ICCResult "White checkmated"]
[WhiteElo "1330"]
[BlackElo "1767"]
[Opening "King's Indian: orthodox, Aronin-Taimanov variation (Yugoslav attack / Mar del Plata variation)"]
[ECO "E97"]
[NIC "KI.19"]
[Time "11:03:27"]
[TimeControl "3600+10"]

1. e4 g6 2. d4 Bg7 3. c4 d6 4. Nc3 Nf6 5. Nf3 O-O 6. Be2 Nc6 7. O-O e5 8. d5
Ne7 9. Be3 a5 10. b3 Ng4 11. Qd2 Nxe3 12. Qxe3 f5 13. Qd2 Kh8 14. Rab1 Ng8
15. a3 Bh6 16. Qd3 fxe4 17. Nxe4 Bf5 18. Qc2 Nf6 19. Bd3 Nxe4 20. Bxe4 Bxe4
21. Qxe4 Rf4 22. Qe2 Qf6 23. b4 axb4 24. axb4 Ra3 25. Qb2 Rfxf3 26. gxf3
Rxf3 27. Rfe1 Bf4 28. Qe2 Qg5+ 29. Kf1 Qh5 30. Qe4 Rh3 31. Qe2 Qh4 32. Qc2
Rxh2 33. Red1 Qg4 34. Qe4 Qh4 35. Qf3 Rh3 36. Qg2 Qh5 37. Kg1 Rh4 38. f3
Be3+ 39. Kf1 Rh1+ 40. Ke2 Rh2 41. Qxh2 Qxh2+ 42. Kxe3 Qf4+ 43. Kf2 Qxc4 44.
Kg3 Qf4+ 45. Kf2 e4 46. Rb3 Qh2+ 47. Ke1 Qg1+ 48. Ke2 Qg2+ 49. Ke1 exf3 50.
Rd2 Qg1# {White checkmated} 0-1

[Event "ICC tourney 1934 (60 10)"]
[Site "Internet Chess Club"]
[Date "2020.07.26"]
[Round "5"]
[White "geowhiz27"]
[Black "DankMemer"]
[Result "0-1"]
[ICCResult "White checkmated"]
[WhiteElo "1202"]
[BlackElo "1568"]
[Opening "French: advance, Paulsen attack"]
[ECO "C02"]
[NIC "FR.03"]
[Time "11:03:25"]
[TimeControl "3600+10"]

1. e4 e6 2. d4 d5 3. e5 c5 4. c3 Nc6 5. Nf3 Qb6 6. a3 Nge7 7. b4 cxd4 8.
cxd4 Nf5 9. Be3 Nxe3 10. fxe3 Be7 11. Bd3 O-O 12. O-O f6 13. exf6 Bxf6 14.
Qc2 h6 15. b5 Ne7 16. Bh7+ Kh8 17. Ne5 Qxb5 18. Nc3 Qa5 19. Ne2 b6 20. Nf4
Bxe5 21. dxe5 Ba6 22. Rf3 Rac8 23. Ng6+ Nxg6 24. Qxg6 Rxf3 25. gxf3 Qc3 26.
Ra2 Qxe5 27. h4 Qxe3+ 28. Kh2 Qxf3 29. Rg2 Qf4+ 30. Rg3 Qf2+ 31. Kh3 Bf1+
32. Kg4 Rc4+ 33. Kh5 Be2+ 34. Rg4 Bxg4+ 35. Qxg4 Rxg4 36. Kxg4 Kxh7 37. h5
Qa2 38. Kf4 Qxa3 39. Kg4 Qb4+ 40. Kg3 Qe4 41. Kh3 Qf5+ 42. Kh4 Qxh5+ 43.
Kxh5 a5 44. Kg4 a4 45. Kf4 a3 46. Ke3 a2 47. Kd3 a1=Q 48. Ke3 e5 49. Kd3 Qa4
50. Ke3 Qc4 51. Kf3 Qd4 52. Ke2 Qc3 53. Kf2 Qd3 54. Kg2 Qe3 55. Kh2 Qf3 56.
Kg1 Qe2 57. Kh1 Kg6 58. Kg1 Kg5 59. Kh1 Kg4 60. Kg1 Kg3 61. Kh1 b5 62. Kg1
b4 63. Kh1 b3 64. Kg1 b2 65. Kh1 Qf1# {White checkmated} 0-1

[Event "ICC tourney 1934 (60 10)"]
[Site "Internet Chess Club"]
[Date "2020.07.26"]
[Round "5"]
[White "HarleyQueen8"]
[Black "rcww2020"]
[Result "1/2-1/2"]
[ICCResult "Game drawn by mutual agreement"]
[WhiteElo "1515"]
[BlackElo "1398"]
[Opening "King's Indian: Semi-Averbakh system"]
[ECO "E73"]
[NIC "KI.27"]
[Time "11:03:26"]
[TimeControl "3600+10"]

1. d4 Nf6 2. c4 d6 3. Nc3 g6 4. e4 Bg7 5. Be2 O-O 6. Be3 Nbd7 7. Nf3 Ne8 8.
Qd2 e5 9. dxe5 Nxe5 10. Nxe5 Bxe5 11. O-O Bg7 12. Rad1 Be6 13. f4 f5 14. e5
Qe7 15. exd6 Nxd6 16. b3 Rad8 17. Qc1 Bf7 18. Bf3 b6 19. Rfe1 Qd7 20. Nb5
Rde8 21. Nxa7 Re6 22. Nb5 Rfe8 23. Bd5 Rf6 24. Bd4 Rxe1+ 25. Rxe1 Bxd5 26.
Bxf6 Bxf6 27. Nxd6 Bxg2 28. Kxg2 Qxd6 29. Qe3 Kf7 30. Qe8+ Kg7 31. Qe3 h5
32. Qf3 Kh6 33. Rd1 Qa3 34. Qf2 Qa8+ 35. Kg1 Be7 36. Qg2 Qe8 37. Kh1 Bd6 38.
Qf3 Qd8 39. Re1 Qh4 40. Qg3 Qf6 41. Qg5+ Qxg5 42. fxg5+ Kxg5 43. Rb1 Bb4 44.
Ra1 f4 45. a3 Bd6 46. b4 f3 47. Rc1 Kf5 48. c5 Bf4 49. Rc3 Ke4 50. a4 Bd2
51. cxb6 cxb6 52. Rc6 g5 53. Kg1 Be3+ 54. Kf1 g4 55. a5 bxa5 56. bxa5 h4 57.
Rc4+ Kf5 58. Rc8 g3 59. hxg3 hxg3 60. Rf8+ Ke4 61. Re8+ Kd3 62. Rd8+ Ke4 63.
Re8+ Kd3 {Game drawn by mutual agreement} 1/2-1/2

[Event "ICC tourney 1934 (60 10)"]
[Site "Internet Chess Club"]
[Date "2020.07.26"]
[Round "5"]
[White "happyscientist"]
[Black "chessKingR"]
[Result "1-0"]
[ICCResult "Black resigns"]
[WhiteElo "1641"]
[BlackElo "1438"]
[Opening "Sicilian: Alapin's variation (2.c3)"]
[ECO "B22"]
[NIC "SI.46"]
[Time "11:03:25"]
[TimeControl "3600+10"]

1. e4 c5 2. c3 d5 3. exd5 Qxd5 4. Nf3 Nc6 5. Be2 Nf6 6. O-O e6 7. Na3 Be7 8.
Nc2 O-O 9. d4 b6 10. h3 Bb7 11. Be3 cxd4 12. Ncxd4 Nxd4 13. Bxd4 Rac8 14.
Bd3 Rfd8 15. Re1 h6 16. Qe2 Nh5 17. Qc2 Qa5 18. Re5 Rd5 19. Rae1 Bf6 20.
Rxd5 Bxd5 21. Bxf6 Nxf6 22. Nd4 Qxa2 23. Rb1 e5 24. Nf5 Rc7 25. Qe2 e4 26.
Bc2 Qc4 27. Qe3 Qc6 28. Qg3 Nh5 29. Qe5 f6 30. Ne7+ Kf7 31. Qxd5+ Kxe7 32.
Qxh5 {Black resigns} 1-0

[Event "ICC tourney 1934 (60 10)"]
[Site "Internet Chess Club"]
[Date "2020.07.26"]
[Round "5"]
[White "IndianTerritory"]
[Black "NonnaThat"]
[Result "1-0"]
[ICCResult "Black checkmated"]
[WhiteElo "1723"]
[BlackElo "1706"]
[Opening "Sicilian: Canal-Sokolsky (Nimzovich-Rossolimo, Moscow) attack"]
[ECO "B51"]
[NIC "SI.01"]
[Time "11:03:30"]
[TimeControl "3600+10"]

1. e4 c5 2. Nf3 d6 3. Bb5+ Nd7 4. c3 Nf6 5. Qe2 a6 6. Ba4 b5 7. Bc2 g6 8. d4
cxd4 9. cxd4 Bg7 10. O-O O-O 11. Bf4 Bb7 12. Nbd2 Rc8 13. Rac1 Nh5 14. Be3
e5 15. dxe5 dxe5 16. Rfd1 Qe7 17. Nb1 Nf4 18. Qe1 Rxc2 19. Rxc2 Bxe4 20. Rc7
Bxf3 21. Rdxd7 Qg5 22. Qf1 h5 23. Nd2 Bg4 24. Rd6 h4 25. Kh1 Qh5 26. f3 Bf5
27. Ra7 Rc8 28. Ne4 g5 29. Rdxa6 Bxe4 30. fxe4 Rc2 31. Ra8+ Kh7 32. Bxf4
exf4 33. Rd6 Be5 34. Rd3 g4 35. Rad8 h3 36. gxh3 f3 37. Rd2 Rxd2 38. Rxd2
Qg5 39. Rd1 Qh5 40. Rd5 f6 41. Rxb5 Qg5 42. Rb7+ Kh6 43. Rd7 Qf4 44. Qf2
Qc1+ 45. Qg1 Qxb2 46. hxg4 Bd4 47. Rxd4 f2 48. Qd1 Qxd4 49. Qc1+ Kg6 50. Kg2
Qxe4+ 51. Kxf2 Qd4+ 52. Qe3 Qc4 53. Qe2 Qc5+ 54. Kf3 Qa3+ 55. Kg2 Qa8+ 56.
Kf2 Qa7+ 57. Kg3 Qg1+ 58. Kh4 Qc1 59. Qe4+ Kg7 60. a4 Qh6+ 61. Kg3 Qc1 62.
h4 Qc3+ 63. Qf3 Qe1+ 64. Kh3 Qb4 65. Qc6 Qa3+ 66. Kg2 Qa2+ 67. Kf3 Qb3+ 68.
Kf2 Qb2+ 69. Kf3 Qb3+ 70. Kf4 Qb8+ 71. Ke4 Qb1+ 72. Kd5 Qh1+ 73. Kc5 Qxh4
74. Qd7+ Kh6 75. Qf5 Kg7 76. a5 Qh2 77. Qd7+ Kg6 78. Qe8+ Kg7 79. Qe7+ Kg6
80. Qe8+ Kg7 81. Qe7+ Kg6 82. Qe4+ Kg7 83. a6 Qc7+ 84. Qc6 Qa5+ 85. Kc4 Qa2+
86. Kd3 Qb3+ 87. Ke2 Qb2+ 88. Ke3 Qa3+ 89. Ke4 Qa2 90. Qd7+ Kf8 91. Qc8+ Kg7
92. Qd7+ Kf8 93. Qd6+ Kg7 94. Qc7+ Kh6 95. a7 Qb1+ 96. Kd5 Qh1+ 97. Ke6 Qe4+
98. Kxf6 Qg6+ 99. Ke5 Qg5+ 100. Ke4 Qg6+ 101. Ke3 Qe6+ 102. Kf3 Qd5+ 103.
Ke3 Qb3+ 104. Kf2 Qa2+ 105. Kg3 Qb3+ 106. Kh4 Qf3 107. g5+ Kg6 108. Qd6+ Kh7
109. Qh6+ Kg8 110. Qg6+ Kh8 111. Qf6+ Qxf6 112. gxf6 Kh7 113. a8=Q Kg6 114.
Qe4+ Kf7 115. Qe7+ Kg8 116. Qg7# {Black checkmated} 1-0

[Event "ICC tourney 1934 (60 10)"]
[Site "Internet Chess Club"]
[Date "2020.07.26"]
[Round "5"]
[White "kwen2008"]
[Black "erumaimadugod"]
[Result "0-1"]
[ICCResult "White resigns"]
[WhiteElo "1669"]
[BlackElo "1579"]
[Opening "QGD Slav: exchange variation, 6.Bf4 Bf5"]
[ECO "D14"]
[NIC "SL.02"]
[Time "11:03:26"]
[TimeControl "3600+10"]

1. d4 d5 2. c4 c6 3. Nf3 Nf6 4. cxd5 cxd5 5. Nc3 Nc6 6. Bf4 Bf5 7. e3 e6 8.
Bd3 Bxd3 9. Qxd3 Bd6 10. Bxd6 Qxd6 11. a3 O-O 12. O-O Rac8 13. b4 a6 14. Na4
Na7 15. Nc5 Rc7 16. Rac1 Rfc8 17. Rb1 Nd7 18. a4 a5 19. Nxd7 Qxd7 20. b5 b6
21. Qa3 Rc3 22. Rb3 Qc7 23. Rxc3 Qxc3 24. Qe7 Qc7 25. Qa3 f6 26. Ne1 e5 27.
dxe5 Qxe5 28. Nf3 Rc3 29. Qb2 Qc7 30. Qd2 Qc4 31. Ne1 Nc8 32. h3 Nd6 33. Nf3
Ne4 34. Qd4 Qxd4 35. Nxd4 Rc4 36. Nc6 Nc5 37. Ne7+ Kf7 38. Nxd5 Nxa4 39. Ra1
Ke6 40. Nf4+ Ke5 41. Kf1 Nb2 42. Rb1 g5 43. Ne2 Nd3 44. Rd1 Nb4 45. Nd4 a4
46. Ra1 Nd5 47. Nf3+ Ke6 48. Ke2 Nc7 49. Kd3 Kd5 50. Nd4 f5 51. f3 f4 52.
e4+ Kc5 53. Nf5 Nxb5 54. e5 a3 55. Nd6 Rd4+ 56. Kc2 Nxd6 57. exd6 Rxd6 58.
Rxa3 b5 59. Rc3+ Kb4 60. Rb3+ Ka4 61. Rb1 b4 62. Ra1+ Kb5 63. Ra8 Kc4 64.
Rc8+ Kd4 65. Rb8 Rc6+ 66. Kb3 Ke3 67. Rg8 h6 68. Rd8 Kf2 69. Rd2+ Kg3 70.
Kxb4 Rc1 71. Rd6 Kxg2 72. Rxh6 Kxf3 73. Rg6 Rg1 74. Kc3 Rg3 75. Kd3 Kg2+ 76.
Ke2 Kxh3 77. Kf2 Kg4 78. Ke2 f3+ 79. Kf2 Rg2+ 80. Kf1 Rc2 81. Rf6 Kg3
{White resigns}
0-1

[Event "ICC tourney 1934 (60 10)"]
[Site "Internet Chess Club"]
[Date "2020.07.26"]
[Round "5"]
[White "JunlinTheWorld"]
[Black "Mapking1"]
[Result "0-1"]
[ICCResult "White checkmated"]
[WhiteElo "1647"]
[BlackElo "1556"]
[Opening "Sicilian: dragon, Yugoslav attack, Rauser variation"]
[ECO "B76"]
[NIC "SI.17"]
[Time "11:03:31"]
[TimeControl "3600+10"]

1. e4 c5 2. Nf3 d6 3. d4 cxd4 4. Nxd4 Nf6 5. Nc3 g6 6. f3 Bg7 7. Be3 Nc6 8.
Qd2 O-O 9. O-O-O d5 10. Kb1 Nxd4 11. Bxd4 dxe4 12. fxe4 Be6 13. Be2 Rc8 14.
Bf3 b5 15. Bxf6 Bxf6 16. Nd5 Bxd5 17. exd5 a5 18. Be2 Qb6 19. h4 b4 20. Qd3
Qd6 21. Qb3 Qe5 22. Bb5 Rc5 23. Ba4 Rd8 24. Rhe1 Rdxd5 25. Rf1 Rxd1+ 26.
Rxd1 Rd5 27. Rc1 Bxh4 28. c3 bxc3 29. Qxc3 Qe4+ 30. Qc2 Qxc2+ 31. Kxc2 Rc5+
32. Kd1 Rd5+ 33. Ke2 Bg5 34. Rc2 Kg7 35. Bc6 Re5+ 36. Kf2 h5 37. a3 h4 38.
b4 axb4 39. axb4 Be3+ 40. Kf3 f5 41. b5 g5 42. Ke2 g4 43. Kf1 f4 44. Rb2 Re6
45. Rc2 Rd6 46. Ke2 e5 47. Be4 Kf6 48. Ke1 Kg5 49. Rc8 h3 50. gxh3 gxh3 51.
Rg8+ Kh4 52. Bf3 h2 53. Rg4+ Kh3 54. Rg8 Re6 55. Bg4+ Kh4 56. Bf3 e4 57. Bh1
f3 58. Rh8+ Kg3 59. Rg8+ Kf4 60. Rf8+ Kg5 61. Rg8+ Kf6 62. Rh8 Bg1 63. Rh3
Ke5 64. Rh8 Kf4 65. Rh4+ Ke3 66. Rg4 f2+ 67. Kf1 Kd3 68. b6 e3 69. Bf3 h1=Q
70. Bxh1 e2+ 71. Kg2 f1=Q+ 72. Kg3 Qf2+ 73. Kh3 Rh6+ 74. Rh4 Rxh4#
{White checkmated}
0-1

[Event "ICC tourney 1934 (60 10)"]
[Site "Internet Chess Club"]
[Date "2020.07.26"]
[Round "5"]
[White "chessisthebest1"]
[Black "KyleZhuang"]
[Result "1-0"]
[ICCResult "Black resigns"]
[WhiteElo "1508"]
[BlackElo "1349"]
[Opening "Sicilian: dragon, Yugoslav attack, 10.O-O-O"]
[ECO "B78"]
[NIC "SI.18"]
[Time "11:04:21"]
[TimeControl "3600+10"]

1. e4 c5 2. Nf3 d6 3. d4 cxd4 4. Nxd4 Nf6 5. Nc3 g6 6. Be3 Bg7 7. f3 O-O 8.
Qd2 Nc6 9. Bc4 Bd7 10. O-O-O Rb8 11. h4 b5 12. Bb3 Na5 13. h5 Nc4 14. Bxc4
bxc4 15. hxg6 fxg6 16. Kb1 Qb6 17. b3 cxb3 18. cxb3 Qa5 19. Rc1 Rbc8 20.
Nce2 Qxd2 21. Bxd2 e5 22. Nc2 d5 23. Bb4 Rfe8 24. Ng3 d4 25. Na3 Be6 26.
Rhd1 Bh6 27. Rc2 Rxc2 28. Kxc2 Rc8+ 29. Kb2 Nd7 30. Bd2 Bf8 31. Nc2 Nc5 32.
Ne1 Be7 33. Ne2 g5 34. Nc1 g4 35. Ncd3 gxf3 36. gxf3 Nxd3+ 37. Nxd3 Bd6 38.
Rg1+ Kf7 39. Rh1 Kg7 40. Rh5 Bf7 41. Rg5+ Kf6 42. Rf5+ Ke6 43. Rg5 Bg6 44.
Rg3 Rf8 45. Rh3 h5 46. Be1 Be7 47. Kc2 h4 48. Kd1 Bh5 49. Ke2 Bg5 50. Nc5+
Kd6 51. Nd3 Rf6 52. Bb4+ Ke6 53. Be1 Rg6 54. Bxh4 Bxh4 55. Rxh4 Rg2+ 56. Nf2
d3+ 57. Kxd3 Bxf3 58. Ke3 Rg3 59. Rh3 Rxh3 60. Nxh3 Bg4 61. Nf2 Bh5 62. Nd3
Kd6 63. a3 Bf7 64. b4 Bc4 65. Kd2 a6 66. Kc3 Bb5 67. Nb2 Bc6 68. Kd3 Bb5+
69. Ke3 Ke6 70. a4 Bc6 71. a5 Bb5 72. Nd1 Bc4 73. Nc3 Kd6 74. Kf3 Bd3 75.
Kg4 Bc4 76. Kf5 Bd3 77. Kf6 Bc4 78. Kg7 Bd3 79. Kf8 Kc6 80. Ke7 Bxe4 81. Ke6
Bd3 82. Kxe5 Bc4 83. Kd4 Bf1 84. Ke4 Bc4 85. Ke3 Be6 86. Kd4 Bh3 87. Kd3
Bf5+ 88. Kd2 Be6 89. Kc2 Bc4 90. Kb2 Kc7 91. Ka3 Kb7 92. Ka4 Kc6 93. Ne4 Bd3
94. Nc5 Bc2+ 95. Ka3 Bd1 96. Nxa6 Kb5 97. Nc7+ Kc6 98. Ne6 Bg4 99. Nd4+ Kb7
100. b5 Bd7 101. Kb4 Ka7 102. Kc5 Kb7 103. Nc6 Ka8 104. a6 Bc8 105. Nb4 Kb8
106. b6 Ka8 107. Kb5 Kb8 108. Nd3 Ka8 109. Nc5 Kb8 110. Kc4 Ka8 111. Kd5 Kb8
112. Kd6 Ka8 113. b7+ Bxb7 114. axb7+ Kb8 115. Kc6 {Black resigns} 1-0

[Event "ICC tourney 1934 (60 10)"]
[Site "Internet Chess Club"]
[Date "2020.07.26"]
[Round "6"]
[White "Singireddy"]
[Black "IndianTerritory"]
[Result "1-0"]
[ICCResult "Black resigns"]
[WhiteElo "1786"]
[BlackElo "1711"]
[Opening "Caro-Kann: anti-anti-Caro-Kann defense"]
[ECO "B10"]
[NIC "CK.01"]
[Time "14:02:55"]
[TimeControl "3600+10"]

1. e4 c6 2. c4 d5 3. cxd5 cxd5 4. exd5 Qxd5 5. Nc3 Qa5 6. Nf3 Nf6 7. Bc4 Nc6
8. O-O Qb6 9. d4 Bg4 10. Be3 Bxf3 11. Qxf3 Qxb2 12. Nd5 Rb8 13. Nxf6+ gxf6
14. Rab1 Qc3 15. Rfc1 Qxe3 16. fxe3 Bh6 17. Qxc6+ bxc6 18. Rxb8+ Kd7 19.
Rxh8 Bxe3+ 20. Kf1 Bxc1 21. Rxh7 Bb2 22. d5 cxd5 23. Bxd5 Be5 24. Bxf7 Kc6
25. Bb3 Bd6 26. Rh3 a5 27. g4 Kb5 28. Rh5+ Kb4 29. h4 a4 30. Bf7 Kc3 31. g5
fxg5 32. hxg5 Be5 33. g6 Kd4 34. Rxe5 Kxe5 35. g7 e6 36. g8=Q {Black
resigns} 1-0

[Event "ICC tourney 1934 (60 10)"]
[Site "Internet Chess Club"]
[Date "2020.07.26"]
[Round "6"]
[White "chessmaster0981"]
[Black "StevChess01"]
[Result "0-1"]
[ICCResult "White checkmated"]
[WhiteElo "1349"]
[BlackElo "1333"]
[Opening "King's Indian: Andersson variation"]
[ECO "E92"]
[NIC "KI.18"]
[Time "14:03:26"]
[TimeControl "3600+10"]

1. d4 Nf6 2. Nf3 d6 3. c4 g6 4. Nc3 Bg7 5. e4 O-O 6. Be2 e5 7. dxe5 dxe5 8.
Qxd8 Rxd8 9. Bg5 c6 10. Nxe5 Re8 11. f4 h6 12. Bh4 g5 13. fxg5 hxg5 14. Bg3
Nxe4 15. O-O-O Nxg3 16. hxg3 Bxe5 17. Rd3 Be6 18. Re3 Bxc3 19. Rxc3 Nd7 20.
g4 Nf6 21. Rch3 Kf8 22. Rg3 Ke7 23. Re3 Kd6 24. Rd1+ Kc7 25. Rg3 Rad8 26.
Rxd8 Kxd8 27. Rd3+ Ke7 28. Rd4 Rd8 29. Rxd8 Kxd8 30. Kd2 Bxg4 31. Bxg4 Nxg4
32. Ke2 f5 33. g3 Ke7 34. Kd3 Kd6 35. Kd4 c5+ 36. Kd3 Ke5 37. Ke2 Kd4 38. b3
a6 39. Kd2 b5 40. cxb5 axb5 41. a3 f4 42. gxf4 gxf4 43. a4 bxa4 44. bxa4 Kc4
45. a5 Kb5 46. a6 Kxa6 47. Ke2 Ne5 48. Kd2 Kb5 49. Kc3 f3 50. Kd2 Kb4 51.
Ke3 c4 52. Kd2 c3+ 53. Ke1 Kb3 54. Kd1 f2 55. Ke2 c2 56. Kxf2 c1=Q 57. Ke2
Qc3 58. Kf2 Qd3 59. Kg2 Qe3 60. Kh1 Qg5 61. Kh2 Qg4 62. Kh1 Kc3 63. Kh2 Nf3+
64. Kh1 Qg1# {White checkmated} 0-1

[Event "ICC tourney 1934 (60 10)"]
[Site "Internet Chess Club"]
[Date "2020.07.26"]
[Round "6"]
[White "kwen2008"]
[Black "karuto2006"]
[Result "1/2-1/2"]
[ICCResult "Game drawn by mutual agreement"]
[WhiteElo "1663"]
[BlackElo "1388"]
[Opening "Queen's Indian: old main line, 7.Nc3"]
[ECO "E18"]
[NIC "QI.09"]
[Time "14:02:51"]
[TimeControl "3600+10"]

1. d4 Nf6 2. c4 e6 3. Nc3 Be7 4. Nf3 O-O 5. g3 b6 6. Bg2 Bb7 7. O-O d5 8.
cxd5 exd5 9. Bg5 Nbd7 10. Ne5 Rb8 11. Nxd7 Qxd7 12. a3 c5 13. e3 Rfd8 14.
Rc1 h6 15. Bxf6 Bxf6 16. dxc5 bxc5 17. Na4 c4 18. e4 Qb5 19. exd5 Bxd5 20.
Bxd5 Rxd5 21. Qc2 Rc8 22. Nc3 Bxc3 23. Qxc3 Rd3 24. Qxd3 cxd3 25. Rxc8+ Kh7
26. Rd8 Qxb2 27. Rxd3 a5 28. Rfd1 a4 29. Re3 Qc2 30. Rde1
{Game drawn by mutual agreement}
1/2-1/2

[Event "ICC tourney 1934 (60 10)"]
[Site "Internet Chess Club"]
[Date "2020.07.26"]
[Round "6"]
[White "hankmd"]
[Black "prnavneet"]
[Result "0-1"]
[ICCResult "White resigns"]
[WhiteElo "1560"]
[BlackElo "1434"]
[Opening "Nimzo-Indian: classical variation"]
[ECO "E32"]
[NIC "NI.24"]
[Time "14:03:19"]
[TimeControl "3600+10"]

1. d4 Nf6 2. c4 e6 3. Nc3 Bb4 4. Qc2 Bxc3+ 5. Qxc3 O-O 6. Bg5 d6 7. e3 Nbd7
8. Bd3 b6 9. Ne2 Bb7 10. O-O h6 11. Bh4 Rc8 12. f4 c5 13. f5 cxd4 14. exd4
e5 15. d5 Bxd5 16. Qb4 Nc5 17. cxd5 Nxd3 18. Qa3 Nc5 19. b4 Nce4 20. Qxa7
Qc7 21. Qxc7 Rxc7 22. Rfd1 Ng4 23. Rdc1 Rfc8 24. Rxc7 Rxc7 25. Rc1 Rxc1+ 26.
Nxc1 Ne3 27. Nd3 Kf8 28. a4 Nxd5 29. Kf1 Ke8 30. Ke2 Nec3+ 31. Kd2 Nxa4 32.
Bf2 b5 33. Kc2 Kd7 34. g4 e4 {White resigns} 0-1

[Event "ICC tourney 1934 (60 10)"]
[Site "Internet Chess Club"]
[Date "2020.07.26"]
[Round "6"]
[White "Priccchess"]
[Black "SparkyNinja"]
[Result "1/2-1/2"]
[ICCResult "Game drawn by mutual agreement"]
[WhiteElo "1619"]
[BlackElo "1584"]
[Opening "Sicilian"]
[ECO "B55"]
[NIC "SI.01"]
[Time "14:03:12"]
[TimeControl "3600+10"]

1. e4 c5 2. Nf3 d6 3. d4 cxd4 4. Nxd4 Nf6 5. Bb5+ Bd7 6. Bxd7+ Qxd7 7. Nc3
Nc6 8. Nxc6 bxc6 9. O-O e6 10. Qe2 Be7 11. Bf4 O-O 12. Rad1 d5 13. h3 Qb7
14. Bc1 Rad8 15. exd5 cxd5 16. Rfe1 Rfe8 17. Qf3 h6 18. Rd3 Rc8 19. a3 Bd6
20. b3 Nd7 21. Qh5 Nf6 22. Qf3 Nd7 23. Qh5 Nf6 {Game drawn by mutual
agreement} 1/2-1/2

[Event "ICC tourney 1934 (60 10)"]
[Site "Internet Chess Club"]
[Date "2020.07.26"]
[Round "6"]
[White "goodcrowdchess"]
[Black "hursha6b5"]
[Result "1/2-1/2"]
[ICCResult "Game drawn because neither player has mating material"]
[WhiteElo "1424"]
[BlackElo "1376"]
[Opening "Scotch: Schmidt variation"]
[ECO "C45"]
[NIC "SO.03"]
[Time "14:03:08"]
[TimeControl "3600+10"]

1. e4 e5 2. Nf3 Nc6 3. d4 exd4 4. Nxd4 Nf6 5. Nc3 Bb4 6. Nxc6 bxc6 7. Bd3 d5
8. exd5 cxd5 9. O-O O-O 10. Bg5 c6 11. Qf3 Be7 12. Rae1 h6 13. Bh4 Re8 14.
h3 Be6 15. Bf5 d4 16. Bxe6 fxe6 17. Ne4 Nxe4 18. Bxe7 Rxe7 19. Qxe4 Qd6 20.
Rd1 Rd8 21. Rfe1 Qd5 22. b3 c5 23. Qxd5 Rxd5 24. c3 Kf7 25. cxd4 cxd4 26. f4
d3 27. Kf2 Rc7 28. Ke3 Rc3 29. Rd2 Ke7 30. Red1 Rc2 31. Rxc2 dxc2 32. Rc1
Rc5 33. Kd2 g5 34. fxg5 Rxg5 35. g4 h5 36. gxh5 Rxh5 37. Rh1 Rc5 38. Kc1 Kf6
39. h4 Kg6 40. h5+ Rxh5 41. Rxh5 Kxh5 42. Kxc2 Kg4 43. Kd2 Kf3 44. Ke1 Ke3
45. b4 Kd4 46. Kd2 Kc4 47. a3 Kb3 48. Kd3 Kxa3 49. Kc4 e5 50. b5 e4 51. Kd4
Kb4 52. Kxe4 Kc3 53. Kd5 Kb4 54. Kc6 Ka5 55. Kc5 Ka4 56. b6 axb6+ 57. Kxb6
{Game drawn because neither player has mating material}
1/2-1/2

[Event "ICC tourney 1934 (60 10)"]
[Site "Internet Chess Club"]
[Date "2020.07.26"]
[Round "6"]
[White "Knightboy123"]
[Black "HarleyQueen8"]
[Result "0-1"]
[ICCResult "White checkmated"]
[WhiteElo "1403"]
[BlackElo "1527"]
[Opening "Sicilian: Sozin, Leonhardt variation"]
[ECO "B88"]
[NIC "SI.26"]
[Time "14:02:58"]
[TimeControl "3600+10"]

1. e4 c5 2. Nf3 d6 3. d4 cxd4 4. Nxd4 Nf6 5. Nc3 Nc6 6. Bc4 e6 7. O-O Be7 8.
Nxc6 bxc6 9. f3 O-O 10. Be3 Bd7 11. Bb3 Qc7 12. Qd2 Rfd8 13. Rad1 d5 14.
exd5 cxd5 15. Bf4 Qb6+ 16. Kh1 Rac8 17. Rfe1 Bc6 18. Be3 Qb7 19. Bd4 Nd7 20.
Qf4 Nc5 21. Qg4 Bf8 22. Re5 a5 23. Rg5 g6 24. Qh4 Qe7 25. Re1 h6 26. Rg4
Qxh4 27. Rxh4 a4 28. Bxc5 Bxc5 29. Bxa4 Bf2 30. Rxh6 Bxe1 31. Bxc6 Rxc6 32.
Nd1 Rxc2 33. Kg1 Bd2 34. Rh4 Rc1 35. Kf1 Rxd1+ 36. Ke2 Bg5 37. Rg4 Rd2+ 38.
Ke1 Rxb2 39. Rxg5 Rc8 40. Kd1 Rxa2 41. Re5 Rcc2 42. Re3 Rxg2 43. Rxe6 Ra1#
{White checkmated}
0-1

[Event "ICC tourney 1934 (60 10)"]
[Site "Internet Chess Club"]
[Date "2020.07.26"]
[Round "6"]
[White "DanielA1926"]
[Black "Roger436"]
[Result "1/2-1/2"]
[ICCResult "Game drawn because neither player has mating material"]
[WhiteElo "1212"]
[BlackElo "1323"]
[Opening "King's Indian: East Indian defense"]
[ECO "A48"]
[NIC "QP.06"]
[Time "14:03:13"]
[TimeControl "3600+10"]

1. d4 Nf6 2. Nf3 g6 3. c3 Bg7 4. Bg5 O-O 5. Nbd2 d6 6. e4 Nbd7 7. Qb3 a5 8.
h4 h5 9. a4 e5 10. d5 Nc5 11. Qc2 c6 12. b4 axb4 13. cxb4 Na6 14. b5 Nb4 15.
Qc3 c5 16. Nc4 Bg4 17. Be2 Qc7 18. Bxf6 Bxf6 19. Ng1 Bxe2 20. Nxe2 Qe7 21.
g3 Ra7 22. O-O Rfa8 23. Nb6 Rf8 24. Nc1 Bg7 25. Nd3 Nxd3 26. Qxd3 f5 27.
exf5 e4 28. Qe3 Bxa1 29. Rxa1 Qg7 30. Re1 gxf5 31. Qf4 Qg6 32. f3 Qg7 33.
Qxd6 f4 34. Qe6+ Kh8 35. Qxe4 Qxg3+ 36. Kf1 Qh3+ 37. Ke2 Qxh4 38. Qe5+ Kh7
39. Rg1 Qh2+ 40. Kf1 Qh3+ 41. Ke1 Rf7 42. Qe4+ Qf5 43. d6 Qxe4+ 44. fxe4 c4
45. Rf1 Kg6 46. d7 Rf8 47. Rxf4 Rd8 48. e5 c3 49. Rc4 Kf7 50. Rxc3 Ke6 51.
Rc4 Rxd7 52. Nxd7 Kxd7 53. Rh4 Ke6 54. Kd2 b6 55. Rxh5 Rxa4 56. Rh6+ Kxe5
57. Rxb6 Kd5 58. Kc3 Kc5 59. Rb8 Ra3+ 60. Kb2 Rh3 61. b6 Kc6 62. Rc8+ Kxb6
63. Rc3 Rxc3 64. Kxc3 {Game drawn because neither player has mating
material} 1/2-1/2